 Dungeon Crawl Stone Soup version 0.19-a0-944-gb338e1e (webtiles) character file.

2402 puppykicker the Basher (level 9, 0/208 HPs)
             Began as an Ogre Arcane Marksman on July 10, 2016.
             Was a Follower of Fedhas.
             Slain by a killer bee (3 damage)
             ... on level 7 of the Dungeon.
             The game lasted 00:23:53 (10560 turns).

puppykicker the Basher (Ogre Arcane Marksman)      Turns: 10560, Time: 00:23:54

Health: 0/208      AC: 24    Str: 26    XL:     9   Next: 47%
Magic:  10/10      EV:  1    Int: 17    God:    Fedhas [*.....]
Gold:   339        SH:  0    Dex: 14    Spells: 3 memorised, 4 levels left

rFire  + . .     SeeInvis .     a - +0 giant club
rCold  + . .     Gourm    .     (armour currently unavailable)
rNeg   + + +     Faith    .     (shield currently unavailable)
rPois  +         Spirit   .     (helmet currently unavailable)
rElec  +         Dismiss  .     (cloak currently unavailable)
rCorr  +         Reflect  .     (gloves unavailable)
SustAt .         Harm     .     (boots unavailable)
MR     .....     NoTele   +     H - amulet of rage
Stlth  ..........               (no ring)
                                r - +3 ring of strength

@: agile, berserking (expiring), tree-form, resistant, very slightly
contaminated, hasted, very quick, not resistant to hostile enchantments,
extremely unstealthy
A: unfitting armour, (beak), (horns 0), clever 1, (tough skin 0)
a: Evolution, Renounce Religion, Evoke Berserk Rage


You were on level 7 of the Dungeon.
You worshipped Fedhas.
Fedhas was aware of your devotion.
You were not hungry.
You were a tree.
You visited 1 branch of the dungeon, and saw 7 of its levels.

You collected 339 gold pieces.


Innate Abilities, Weirdness & Mutations

You are too large for most types of armour.
((You have tough skin. (AC +1)))
((You have a beak for a mouth.))
((You have a pair of small horns on your head.))
Your mind is acute. (Int +2)


   Skills:
 - Level 7.0 Fighting
 + Level 12.2 Maces & Flails
 - Level 5.3 Throwing
 - Level 1.7 Dodging
 - Level 1.2 Spellcasting
 - Level 2.1 Hexes
 - Level 1.6 Invocations
 - Level 1.2 Evocations


You had 4 spell levels left.
You knew the following spells:

 Your Spells              Type           Power        Failure   Level  Hunger
a - Corona                Hex            #......      12%         1    ##.....
b - Slow                  Hex            #.......     17%         2    ###....
c - Gell's Gravitas       Hex/Tloc       #.........   47%         3    ####...

Inventory:

Hand Weapons
 a - a +0 giant club (weapon)
 b - a +1 mace
Missiles
 d - a throwing net (quivered)
 l - 189 stones
Armour
 h - a +0 robe (melded)
Jewellery
 r - a +3 ring of strength (left branch)
 H - an amulet of rage (around neck)
Wands
 u - a wand of flame (0/48)
 I - a wand of digging (10/24)
Scrolls
 e - a scroll of fog
 g - 3 scrolls of recharging
 i - 3 scrolls of remove curse
 m - 2 scrolls of noise {!r}
 o - 3 scrolls of magic mapping
 s - 2 scrolls of blinking
 y - 2 scrolls of amnesia
 B - 2 scrolls of enchant weapon
 E - a scroll of teleportation
Potions
 j - a potion of agility
 p - 2 potions of lignification {!q}
 q - 2 potions of cancellation
 w - 2 potions of mutation {!q}
 z - a potion of magic
 C - a potion of brilliance
 F - a potion of haste
Books
 L - a book of Debilitation
Comestibles
 f - 11 bread rations
 k - 6 beef jerkies
 t - 5 fruits {!e}
 G - a royal jelly

Dungeon Overview and Level Annotations

Branches:
Dungeon (7/15)             Temple (0/1) D:5

Altars:
Dithmenos
Fedhas
Okawaru
Ru
Vehumet
The Shining One

#...####.### ###.#
..%.# #..........#
#...# ....
....####.#.# #.§.#
#..# ##.# #.#.#
#..÷# #..#
#..#####.#.# #####
#..##.#.......#.#
### #
##..#.##.#######.#
#.# #
#....###.#######.#
#.#
#.#((.y♣.>.....#.#
#.#
#...####.#####.#.#
#.# #†#.####.#
#.#.# #.#
#)#......# #.#.#
#(# #.#.######
#.#.###.### #.#.#
#.#.)...... #(..#
#...>...### ##..#
######### #..#


You could see a killer bee.


Message History

The killer bee stings you.
* * * LOW HITPOINT WARNING * * *
Unknown command.
You closely miss the killer bee.
The killer bee stings you but does no damage.
Unknown command.
You closely miss the killer bee.
The killer bee stings you but does no damage. x2
Unknown command.
You bludgeon the killer bee!!
You kill the killer bee!
Unknown command.
You hit the gnoll.
The gnoll is moderately wounded.
Unknown command.
You bludgeon the gnoll!!
You kill the gnoll!
The killer bee stings you but does no damage.
Unknown command.
You barely miss the killer bee.
The killer bee stings you but does no damage.
Unknown command.
You miss the killer bee.
The killer bee stings you but does no damage.
Unknown command.
You closely miss the killer bee.
The killer bee stings you but does no damage.
The killer bee stings you.
You die...
Fedhas appreciates your contribution to the ecosystem.

Action                   |  1- 3 |  4- 6 |  7- 9 || total
-------------------------+-------+-------+-------++-------
Melee: Spear             |    53 |       |       ||    53
       Unarmed           |     7 |       |       ||     7
       Mace              |    99 |   172 |   277 ||   548
       Giant club        |       |       |    41 ||    41
Throw: Tomahawk          |     8 |    17 |     7 ||    32
       Large rock        |     2 |    10 |     9 ||    21
       Throwing net      |       |     2 |     3 ||     5
Invok: Evolution         |       |       |     2 ||     2
 Abil: Evoke Berserk Rag |       |       |     1 ||     1
Evoke: Wand              |       |       |     7 ||     7
  Use: Scroll            |     3 |     6 |     7 ||    16
       Potion            |       |     1 |    16 ||    17
 Stab: Sleeping          |     1 |     1 |       ||     2
  Eat: Chunk             |     5 |     7 |     7 ||    19
       Pizza             |       |     1 |       ||     1
       Meat ration       |       |       |     3 ||     3
Armor: Robe              |    47 |    45 |    89 ||   181
       Skin              |       |       |    35 ||    35
Dodge: Dodged            |   110 |   116 |   195 ||   421

Vault maps used:
D:1:      roderic_octagonal_star, minmay_misc_feat_roman
D:2:      okawaru_gym_becter, fiery_altar_vehumet
D:3:      nicolae_overflow_crystal_walls, hangedman_decor_clover_reticule,
          moated_statue, minmay_unequal
D:4:      corexii_shantytown, uniq_eustachio
D:5:      first_bread
D:6:      nicolae_tso_besieged_by_evil
D:7:      gammafunk_temple_overflow_elements, grunt_ogre_cave,
          grunt_gozag_breadcrumbs

Notes
Turn   | Place    | Note
-------+----------+-------------------------------------------
     0 | D:1      | puppykicker the Ogre Arcane Marksman began the quest for the Orb.
     0 | D:1      | Reached XP level 1. HP: 19/19 MP: 2/2
   453 | D:1      | Reached skill level 2 in Fighting
   497 | D:1      | Reached XP level 2. HP: 22/28 MP: 3/3
   563 | D:1      | Learned a level 2 spell: Slow
   622 | D:1      | Reached skill level 1 in Maces & Flails
  1188 | D:2      | Reached XP level 3. HP: 36/36 MP: 4/4
  1435 | D:2      | Found a radiant altar of Vehumet.
  1455 | D:2      | HP: 3/36 [adder (2)]
  1765 | D:2      | Found an iron altar of Okawaru.
  1836 | D:2      | Reached skill level 2 in Maces & Flails
  2255 | D:2      | Reached skill level 3 in Throwing
  2514 | D:3      | Reached XP level 4. HP: 43/44 MP: 5/5
  2657 | D:3      | Reached skill level 3 in Fighting
  2975 | D:3      | Reached skill level 3 in Maces & Flails
  3098 | D:3      | You fall through a shaft for 2 floors!
  3098 | D:5      | Entered Level 5 of the Dungeon
  3098 | D:5      | Noticed Findleman's ghost (amateur DsAK)
  3189 | D:5      | Noticed a phantom
  3313 | D:3      | Found a blossoming altar of Fedhas.
  3321 | D:3      | Became a worshipper of Fedhas Madash
  3650 | D:4      | Reached XP level 5. HP: 53/53 MP: 6/6
  3790 | D:4      | Noticed Eustachio
  3800 | D:4      | Killed Eustachio
  3800 | D:4      | Reached skill level 4 in Fighting
  3800 | D:4      | Reached skill level 4 in Maces & Flails
  3800 | D:4      | Reached XP level 6. HP: 16/63 MP: 7/7
  4158 | D:4      | Reached skill level 5 in Maces & Flails
  4503 | D:4      | Reached skill level 5 in Fighting
  4694 | D:4      | Reached skill level 4 in Throwing
  4858 | D:4      | Reached XP level 7. HP: 69/72 MP: 8/8
  4965 | D:4      | Reached * piety under Fedhas
  4981 | D:4      | Reached skill level 6 in Maces & Flails
  6347 | D:5      | Reached skill level 6 in Fighting
  6347 | D:5      | Reached skill level 7 in Maces & Flails
  6669 | D:5      | Killed Findleman's ghost
  6669 | D:5      | Reached XP level 8. HP: 84/84 MP: 9/9
  6736 | D:5      | Reached skill level 8 in Maces & Flails
  6888 | D:5      | Learned a level 3 spell: Gell's Gravitas
  7001 | D:5      | Found a staircase to the Ecumenical Temple.
  7516 | D:6      | Reached skill level 5 in Throwing
  7749 | D:6      | Found a glowing golden altar of the Shining One.
  9037 | D:7      | Reached skill level 1 in Invocations
  9089 | D:7      | Found a shadowy altar of Dithmenos.
  9089 | D:7      | Found a sacrificial altar of Ru.
  9138 | D:7      | Noticed bza's ghost (novice OgHu)
  9223 | D:7      | Reached skill level 1 in Evocations
  9227 | D:7      | HP: 4/84 [ice beast (12)]
  9232 | D:7      | HP: 3/84 [poisoned by an adder]
  9237 | D:7      | HP: 2/84 [poisoned by an adder]
  9245 | D:7      | HP: 2/84 [poisoned by an adder]
  9606 | D:7      | Reached skill level 7 in Fighting
  9801 | D:7      | Reached skill level 9 in Maces & Flails
 10029 | D:7      | Killed bza's ghost
 10029 | D:7      | Reached skill level 11 in Maces & Flails
 10029 | D:7      | Reached XP level 9. HP: 29/93 MP: 10/10
 10506 | D:7      | Gained mutation: Your mind is acute. (Int +2) [potion of mutation]
 10506 | D:7      | Gained mutation: You have a pair of small horns on your head. [potion of mutation]
 10506 | D:7      | Gained mutation: You have a beak for a mouth. [potion of mutation]
 10532 | D:7      | Identified a potion of resistance
 10533 | D:7      | HP: 11/139 [killer bee (5)]
 10536 | D:7      | Reached skill level 12 in Maces & Flails
 10538 | D:7      | HP: 8/139 [killer bee (2)]
 10543 | D:7      | HP: 6/139 [killer bee (3)]
 10549 | D:7      | HP: 5/208 [killer bee (5)]
 10552 | D:7      | HP: 1/208 [killer bee (5)]
 10560 | D:7      | Slain by a killer bee

Vanquished Creatures
  The ghost of bza the Basher, a novice OgHu of Gozag (D:7)
  The ghost of Findleman the Slasher, an amateur DsAK of Lugonu (D:5)
  Eustachio (D:4)
  2 ice beasts
  An ogre (D:7)
  A phantom (D:5)
  2 centaurs (D:5)
  A gnoll sergeant (D:7)
  4 killer bees (D:7)
  A quasit (D:4)
  2 hounds
  2 orc wizards
  2 orc priests
  2 jellies
  4 giant frog skeletons
  An iguana (D:7)
  2 worker ants (D:4)
  5 gnolls
  5 adders
  A shadow imp (D:6)
  4 oozes
  A worm (D:4)
  A dart slug (D:2)
  6 giant geckos
  24 orcs
  A ball python (D:2)
  8 bats
  4 giant cockroaches
  16 hobgoblins
  12 jackals
  3 quokkas
  A giant gecko skeleton (D:4)
  5 giant newts
  15 goblins
  3 goblin skeletons (D:6)
  2 hobgoblin skeletons (D:6)
  A jackal zombie (D:6)
  11 kobolds
  A kobold skeleton (D:6)
  A quokka skeleton (D:4)
  4 rats
165 creatures vanquished.

Vanquished Creatures (collateral kills)
  A water moccasin (D:7)
  An ice beast (D:7)
  A scorpion (D:6)
  An iguana (D:6)
  A worker ant (D:5)
  A hound skeleton (D:7)
  A gnoll (D:4)
  An orc (D:5)
  A hobgoblin (D:4)
9 creatures vanquished.

Vanquished Creatures (others)
  2 wandering mushrooms
  55 toadstools
57 creatures vanquished.

Grand Total: 231 creatures vanquished
